 Dungeon Crawl Stone Soup version 0.23-a0-57-gd13e5294dc (webtiles) character file.

5155 Oravi the Destroyer (level 10, -8/61 HPs)
             Began as a Tengu Air Elementalist on Aug 9, 2018.
             Was an Initiate of Vehumet.
             Mangled by an ogre
             ... wielding a +0 giant spiked club
              (15 damage)
             ... on level 9 of the Dungeon.
             The game lasted 00:50:06 (11518 turns).

Oravi the Destroyer (Tengu Air Elementalist)       Turns: 11518, Time: 00:50:12

Health: -8/61      AC:  8    Str: 13    XL:     10   Next: 59%
Magic:  12/20      EV: 16    Int: 19    God:    Vehumet [......]
Gold:   430        SH:  4    Dex: 15    Spells: 11/22 levels left

rFire    . . .     SeeInvis .   m - +2 dagger (venom)
rCold    . . .     Gourm    .   (no shield)
rNeg     . . .     Faith    .   y - +3 leather armour
rPois    .         Spirit   .   A - +2 hat
rElec    .         Reflect  +   (no cloak)
rCorr    .         Harm     .   (no gloves)
MR       .....                  (boots unavailable)
Stlth    ++........             b - +4 amulet of reflection
HPRegen  0.20/turn              l - +5 ring of strength
MPRegen  0.17/turn              N - +5 ring of slaying

@: no status effects
A: beak, talons 3, able to fly 1
a: Fly, Renounce Religion


You were on level 9 of the Dungeon.
You worshipped Vehumet.
Vehumet was noncommittal.
You were not hungry.

You visited 2 branches of the dungeon, and saw 11 of its levels.

You collected 430 gold pieces.

Inventory:

Hand Weapons
 m - a +2 dagger of venom (weapon)
 z - a +0 war axe
 C - a +0 hand axe of electrocution
Missiles
 j - 312 stones (quivered)
 r - 8 tomahawks
 E - 28 poisoned needles
 H - 7 steel javelins
Armour
 a - a +0 robe
 x - a +1 ring mail
 y - a +3 leather armour (worn)
 A - a +2 hat (worn)
 I - a +0 shield
 J - a +1 robe of positive energy
Jewellery
 b - a +4 amulet of reflection (around neck)
 l - a +5 ring of strength (left hand)
 t - an uncursed amulet of rage {unknown}
 B - an uncursed ring of stealth
 N - a +5 ring of slaying (right hand)
 S - a +2 ring of intelligence
Wands
 v - a wand of digging (12)
 D - a wand of iceblast (13)
 F - a wand of paralysis (14)
 G - a wand of random effects (36)
 L - a wand of acid (2)
Scrolls
 g - 4 scrolls of enchant armour
 i - a scroll of random uselessness
 n - 4 scrolls of teleportation
 o - 3 scrolls of remove curse
 K - a scroll of amnesia {unknown}
 M - a scroll of torment {unknown}
 P - 2 scrolls of fear {unknown}
Potions
 d - a potion of agility
 e - 2 potions of magic
 h - 3 potions of cancellation
 k - a potion of resistance
 p - a potion of brilliance {unknown}
 q - 3 potions of curing
 u - 4 potions of flight {unknown}
 w - 4 potions of mutation {unknown}
 O - 2 potions of invisibility {unknown}
 Q - a potion of heal wounds {unknown}
 R - a potion of haste {unknown}
Comestibles
 c - 16 rations
 f - 2 chunks of flesh


   Skills:
 + Level 6.4 Fighting
 - Level 6.3 Armour
 - Level 6.8 Dodging
 - Level 2.0 Stealth
 * Level 3.6 Shields
 + Level 6.6 Spellcasting
 + Level 9.2 Conjurations
 - Level 6.0 Air Magic


You had 11 spell levels left.
You knew the following spells:

 Your Spells              Type           Power        Failure   Level  Hunger
a - Shock                 Conj/Air       ####         1%          1    None
b - Swiftness             Chrm/Air       ###.....     5%          2    None
c - Static Discharge      Conj/Air       #####...     1%          3    ##.....
d - Lightning Bolt        Conj/Air       #####.....   16%         5    #####..

Your spell library contained the following spells:

 Spells                   Type           Power        Failure   Level  Hunger
 Bolt of Draining         Conj/Necr      ###.......   47%         5    #####..
 Animate Dead             Necr           N/A          78%         4    ####...
 Pain                     Necr           #...         13%         1    None
 Animate Skeleton         Necr           N/A          13%         1    None
 Vampiric Draining        Necr           #.........   36%         3    ##.....
 Dispel Undead            Necr           #.......     98%         5    #####..
 Regeneration             Chrm/Necr      #.........   36%         3    ##.....
 Sublimation of Blood     Necr           #.........   21%         2    None
 Corpse Rot               Necr           N/A          21%         2    None
 Agony                    Necr           #.......     98%         5    #####..
 Airstrike                Air            ####......   11%         4    ####...
 Excruciating Wounds      Chrm/Necr      #.........   98%         5    #####..


Dungeon Overview and Level Annotations

Branches:
Dungeon (10/15)            Temple (1/1) D:7
   Lair: D:8-11         Orc: D:9-12

Altars:
Ashenzari
Dithmenos
Elyvilon
Fedhas
Gozag
Hepliaklqana
Kikubaaqudgha
Makhleb
Nemelex Xobeh
Okawaru
Qazlal
Ru
Sif Muna
Trog
Uskayaw
Vehumet
Wu Jian
Xom
Yredelemnul
Zin
The Shining One

Annotations:
D:1 fly
D:4 sky beast
D:5 Duvessa, Sigmund
D:8 two head


Innate Abilities, Weirdness & Mutations

You have a beak for a mouth.
You have claws for feet.
You can fly.


Message History

The puff of frost hits you! The crimson imp puffs mist at you.
The crimson imp closely misses you. The hound skeleton closely misses you.
The ogre hits you with a giant spiked club!!
* * * LOW HITPOINT WARNING * * *
A kobold comes into view.
The orc wizard gestures at you while chanting.
The puff of frost misses you. The crimson imp barely misses you.
The hound skeleton misses you.
Okay, then.
Okay, then.
You feel better.
A sky beast comes into view.
You block the big kobold's attack. The hound skeleton barely misses you.
The crimson imp hits you.
* * * LOW HITPOINT WARNING * * *
A kobold comes into view. It is wielding a short sword.
The ogre hits you with a giant spiked club!
You die...

#.........
######.........
............o..
...............
...............
...............
Y.K...O.(......
KKK..KZ@....o..
......K.5......
...............
...............
...............
#####...#######
..... ......


You could see a sky beast (wandering), a big kobold, an ogre, 2 orc wizards, a
crimson imp, 5 kobolds and a hound skeleton.

Vanquished Creatures
  Harold (D:7)
  A two-headed ogre (D:10)
  Grinder (D:6)
  A hippogriff (D:8)
  A shadow (D:10)
  Menkaure (D:4)
  Edmund (D:4)
  2 water moccasins
  2 orc warriors
  2 ice beasts (D:6)
  2 sky beasts
  A black bear (D:7)
  A phantom (D:7)
  A necrophage (D:6)
  2 ogres
  2 centaurs
  Blork the orc (D:5)
  A bullfrog (D:6)
  A scorpion (D:4)
  2 howler monkeys
  2 crimson imps (D:8)
  3 hounds
  2 centaur skeletons
  3 jellies
  2 bullfrog skeletons
  6 orc priests
  Terence (D:2)
  10 orc wizards
  2 iguanas
  7 worker ants
  Robin (D:2)
  2 howler monkey skeletons
  A gnoll (D:4)
  13 adders
  2 river rats (D:5)
  An adder zombie (D:7)
  An adder skeleton (D:4)
  6 worms
  2 dart slugs (D:1)
  5 leopard geckos
  27 orcs
  6 giant cockroaches
  9 goblins
  19 hobgoblins
  5 jackals
  5 kobolds
  3 quokkas
  3 ball pythons
  6 bats
  4 frilled lizards
  2 leopard gecko skeletons (D:5)
  4 rats
192 creatures vanquished.

Vanquished Creatures (others)
  A centaur (D:6)
1 creature vanquished.

Grand Total: 193 creatures vanquished

Notes
Turn   | Place    | Note
-------+----------+-------------------------------------------
     0 | D:1      | Oravi the Tengu Air Elementalist began the quest for the Orb.
     0 | D:1      | Reached XP level 1. HP: 10/10 MP: 4/4
   332 | D:1      | Reached XP level 2. HP: 15/15 MP: 0/6
   336 | D:1      | Learned a level 2 spell: Swiftness
   381 | D:1      | Reached skill level 2 in Conjurations
   924 | D:1      | Reached XP level 3. HP: 19/19 MP: 5/7
  1373 | D:2      | Reached skill level 3 in Conjurations
  1373 | D:2      | Reached skill level 5 in Air Magic
  1373 | D:2      | Reached XP level 4. HP: 24/24 MP: 0/9
  1801 | D:2      | Found a sacrificial altar of Ru.
  1988 | D:2      | Noticed Robin
  2019 | D:2      | Killed Robin
  2019 | D:2      | Gained mutation: You can fly. [Tengu growth]
  2019 | D:2      | Reached XP level 5. HP: 12/28 MP: 1/10
  2280 | D:2      | Noticed Terence
  2294 | D:2      | Killed Terence
  2490 | D:2      | Reached skill level 1 in Armour
  2596 | D:2      | Reached skill level 1 in Fighting
  2742 | D:2      | Learned a level 3 spell: Static Discharge
  3504 | D:3      | Reached XP level 6. HP: 34/34 MP: 7/11
  3653 | D:3      | Found an ancient bone altar of Kikubaaqudgha.
  3794 | D:3      | Reached skill level 4 in Conjurations
  4644 | D:4      | Noticed Menkaure
  5085 | D:4      | Reached XP level 7. HP: 39/39 MP: 6/13
  5568 | D:4      | Killed Menkaure
  5994 | D:5      | Entered Level 5 of the Dungeon
  6007 | D:5      | Reached skill level 5 in Conjurations
  6107 | D:5      | Noticed Edmund
  6177 | D:4      | Reached XP level 8. HP: 24/45 MP: 13/15
  6329 | D:4      | Killed Edmund
  6978 | D:5      | Noticed Blork the orc
  7069 | D:5      | Killed Blork the orc
  7069 | D:5      | Reached skill level 6 in Conjurations
  7285 | D:5      | Found an ancient bone altar of Kikubaaqudgha.
  7287 | D:5      | Noticed Sigmund
  7465 | D:5      | Noticed Duvessa
  7617 | D:6      | Reached skill level 5 in Dodging
  7704 | D:6      | Noticed Grinder
  7769 | D:6      | Paralysed by Grinder for 5 turns
  7897 | D:6      | Killed Grinder
  7897 | D:6      | Reached XP level 9. HP: 40/52 MP: 8/17
  7975 | D:6      | Reached skill level 5 in Spellcasting
  8089 | D:6      | Reached skill level 5 in Armour
  8237 | D:6      | Reached skill level 7 in Conjurations
  9154 | D:7      | Reached skill level 5 in Fighting
  9526 | D:7      | Found a staircase to the Ecumenical Temple.
  9533 | Temple   | Entered the Ecumenical Temple
  9696 | Temple   | Became a worshipper of Vehumet
  9887 | D:7      | Noticed Harold
  9898 | D:7      | HP: 2/53 [Harold/halberd (17)]
  9900 | D:7      | Killed Harold
  9900 | D:7      | Reached skill level 8 in Conjurations
  9900 | D:7      | Reached XP level 10. HP: 3/59 MP: 11/20
 10418 | D:8      | Noticed a two-headed ogre
 10635 | D:8      | Found a burning altar of Makhleb.
 10716 | D:8      | Reached skill level 1 in Shields
 10906 | D:8      | Learned a level 5 spell: Lightning Bolt
 11077 | D:8      | You fall through a shaft for 2 floors!
 11077 | D:10     | Entered Level 10 of the Dungeon
 11125 | D:10     | Killed a two-headed ogre
 11125 | D:10     | Reached skill level 9 in Conjurations
 11509 | D:10     | Noticed a two-headed ogre
 11517 | D:9      | HP: 1/60 [ogre/giant spiked club (21)]
 11518 | D:9      | Mangled by an ogre

Vault maps used:
D:1:      dpeg_cavernosity, minmay_quantized
D:2:      overflow_temple_1_default, serial_curves, eino_curves_02,
          eino_curves_03, uniq_terence, uniq_robin
D:3:      kiku_gazebo_pond_becter
D:4:      first_ration, minivault_25, minmay_bent, uniq_menkaure
D:5:      gup_sewer_entry_bowl, basic_altar, uniq_duvessa, uniq_blork_the_orc,
          uniq_sigmund, uniq_edmund
D:6:      uniq_grinder
D:7:      minmay_temple_entry_hall, uniq_harold
D:8:      nicolae_overflow_crystal_walls
D:9:      cheibrodos_worm_habitat, lair_entry_dummy, david_orc_2
D:10:     grunt_pizzeria, hangedman_tell_no_tales, uniq_grum
Temple:   dpeg_five_rooms_temple

Skill      XL: |  1  2  3  4  5  6  7  8  9 10 |
---------------+-------------------------------+-----
Conjurations   | 2 3 4 5 6 8 9 |  9.2
Air Magic      | 5 6 |  6.0
Spellcasting   | 3 4 6 |  6.6
Armour         | 1 2 3 4 6 |  6.3
Fighting       | 1 2 4 5 6 |  6.4
Dodging        | 3 4 5 6 |  6.8
Shields        | 3 |  3.6
Stealth        | |  2.0

Action                   |  1- 3 |  4- 6 |  7- 9 | 10-12 || total
-------------------------+-------+-------+-------+-------++-------
Melee: Dagger            |     8 |    44 |    72 |    16 ||   140
       Kick              |     5 |    14 |    20 |     6 ||    45
       Hand axe          |       |    36 |       |       ||    36
       Peck              |       |    10 |    15 |     3 ||    28
Throw: Stone             |     1 |    56 |     8 |       ||    65
 Cast: Shock             |    59 |   147 |   240 |    61 ||   507
       Swiftness         |       |     1 |       |       ||     1
       Static Discharge  |       |       |     7 |     8 ||    15
Evoke: Wand              |       |       |     4 |     4 ||     8
  Use: Scroll            |       |       |    13 |     1 ||    14
       Potion            |       |       |       |     1 ||     1
 Stab: Sleeping          |     2 |       |       |       ||     2
       Paralysed         |       |       |       |     4 ||     4
  Eat: Chunk             |     2 |    12 |    11 |     6 ||    31
       Ration            |       |       |     1 |       ||     1
Armor: Robe              |     1 |       |       |       ||     1
       Leather armour    |       |    15 |    23 |    12 ||    50
Dodge: Dodged            |     5 |    38 |    65 |    48 ||   156
Block: Other             |       |    16 |    19 |    12 ||    47
       Reflection        |       |       |     1 |       ||     1

Table legend:
 A = Spawn XP
 B = Non-spawn XP
 C = Spawn XP percentage of total XP
 D = Spawn monster count
 E = Non-spawn monster count
 F = Spawn count percentage of total count
 G = Total turns spent on level
                    A         B        C        D         E        F      G
               +---------+---------+-------+---------+---------+-------+---------
         Total |       0 |    7365 |   0.0 |       0 |     193 |   0.0 | 11518
               +---------+---------+-------+---------+---------+-------+---------
           D:1 |       0 |      58 |   0.0 |       0 |      31 |   0.0 |  1346
           D:2 |       0 |     170 |   0.0 |       0 |      28 |   0.0 |  1436
           D:3 |       0 |     230 |   0.0 |       0 |      32 |   0.0 |  1723
           D:4 |       0 |     944 |   0.0 |       0 |      21 |   0.0 |  2144
           D:5 |       0 |     476 |   0.0 |       0 |      22 |   0.0 |  1131
           D:6 |       0 |    1269 |   0.0 |       0 |      18 |   0.0 |   971
           D:7 |       0 |    1801 |   0.0 |       0 |      18 |   0.0 |  1401
           D:8 |       0 |     901 |   0.0 |       0 |      12 |   0.0 |   680
           D:9 |       0 |     130 |   0.0 |       0 |       5 |   0.0 |    16
          D:10 |       0 |    1386 |   0.0 |       0 |       6 |   0.0 |   425
               +---------+---------+-------+---------+---------+-------+---------
